 Dungeon Crawl Stone Soup version 0.29.0-4-gdea44cf6ec (webtiles) character file.

Game seed: 16475494757980423020

8 qw the Sneak (level 2, -2/19 HPs)
             Began as a Gargoyle Delver on Sept 10, 2022.
             Slain by a centaur (5 damage)
             ... on level 5 of the Dungeon.
             The game lasted 00:00:04 (138 turns).

qw the Sneak (Gargoyle Delver)                       Turns: 138, Time: 00:00:04

Health: -2/19      AC:  5    Str: 15    XL:     2   Next: 8%
Magic:  2/2        EV: 11    Int: 10    God:
Gold:   13         SH:  0    Dex: 11    Spells: 1/1 levels left

rFire   . . .      SeeInvis .   a - +0 hand axe
rCold   . . .      Faith    .   (no shield)
rNeg    + . .      Spirit   .   b - +0 leather armour
rPois   inf        Reflect  .   (no helmet)
rElec   +          Harm     .   (no cloak)
rCorr   .          Rampage  .   (no gloves)
Will    .....                   (no boots)
Stlth   +++.......              h - amulet of the acrobat
HPRegen 0.06/turn               (no ring)
MPRegen 0.08/turn               (no ring)

@: no status effects
A: sickness immunity, AC +2, negative energy resistance 1, electricity
resistance, torment resistance 1, petrification resistance
a: no special abilities


You were on level 5 of the Dungeon.
You visited 1 branch of the dungeon, and saw 1 of its levels.

You collected 13 gold pieces.


Innate Abilities, Weirdness & Mutations

You are immune to sickness and miasma.
Your stone body is resilient. (AC +2)
You are immune to poison.
You resist negative energy. (rN+)
You are resistant to electric shocks. (rElec)
You are resistant to unholy torment.
You are immune to petrification.


   Skills:
 - Level 3.2 Fighting
 + Level 2.5 Axes
 - Level 1.5 Dodging
 - Level 5.4 Stealth


You had one spell level left.
You didn't know any spells.
Your spell library was empty.

Inventory:

Hand Weapons
 a - a +0 hand axe (weapon)
Armour
 b - a +0 leather armour (worn)
Jewellery
 h - an amulet of the acrobat (around neck)
Wands
 g - a wand of digging (3)
Potions
 f - a potion of haste

Dungeon Overview and Level Annotations

Branches:
Dungeon (5/15)
 Temple: D:4-7

Altars:


Message History

The ufetubus barely misses you.
The ufetubus hits you but does no damage.
You barely miss the ufetubus.
The ufetubus is severely wounded.
You hit the centaur. The ufetubus hits you. The ufetubus barely misses you.
The centaur hits you. The centaur kicks you. The ufetubus closely misses you.
The ufetubus hits you but does no damage.
The centaur hits you but does no damage.
The centaur kicks you but does no damage.
You hit the ufetubus.
You kill the ufetubus!
You hit the centaur. The centaur barely misses you. The centaur misses you.
You have reached level 2!
You hit the centaur.
The centaur is heavily wounded.
The centaur hits you but does no damage.
The centaur kicks you.
The centaur hits you but does no damage.
The centaur kicks you but does no damage.
You hit the centaur.
The centaur is heavily wounded.
The centaur hits you but does no damage.
The centaur kicks you but does no damage.
The centaur hits you but does no damage.
The centaur closely misses you.
You barely miss the centaur.
The centaur is heavily wounded.
The centaur hits you.
The centaur kicks you but does no damage.
The centaur barely misses you.
The centaur kicks you but does no damage.
You hit the centaur but do no damage.
The centaur is heavily wounded.
The centaur barely misses you. The centaur completely misses you.
You hit the centaur but do no damage.
The centaur is heavily wounded.
The centaur hits you.
You die...

.#..........#
...........##.. ...
###........## .##.. ..
#..........# ..#.. .
.#..........# #.#o# c
............###.#.# (#
.............?..#.##.#
.........>...#.......####
..#........#.##.@........
..........##..##.c......#
####.##.#####.##........#
#. #.# ............ #.
#.# #...#...<.... #. ..#
#..#)......... #
#..#.........# #.
...[......# . ..#....####


You could see a centaur and an orc priest.

Vanquished Creatures
  An ufetubus (D:5)
  A dart slug (D:5)
2 creatures vanquished.

Notes
Turn   | Place    | Note
-------+----------+-------------------------------------------
     0 | D:5      | qw the Gargoyle Delver began the quest for the Orb.
     0 | D:5      | Reached XP level 1. HP: 14/14 MP: 1/1
     0 | D:5      | 0 ||| qw: Version: 0.1-a-116-g5d60599
     0 | D:5      | 0 ||| qw: Game counter: 8291
     0 | D:5      | 0 ||| qw: Always use a shield: true
     0 | D:5      | 0 ||| qw: God list: Okawaru
     0 | D:5      | 0 ||| qw: Allow faded altars: false
     0 | D:5      | 0 ||| qw: Do Orc after D:15 true
     0 | D:5      | 0 ||| qw: Do second Lair branch before Depths: true
     0 | D:5      | 0 ||| qw: Lair rune preference: random
     0 | D:5      | 0 ||| qw: Plans: Normal
     0 | D:5      | 0 ||| PLANNING D:1-11
   112 | D:5      | 112 ||| UPGRADING to amulet of the acrobat.
   117 | D:5      | 117 ||| DROPPING ring of flight.
   118 | D:5      | 118 ||| DROPPING scroll of fog.
   119 | D:5      | 119 ||| DROPPING scroll of magic mapping.
   120 | D:5      | 120 ||| DROPPING scroll of fear.
   125 | D:5      | Noticed a centaur
   126 | D:5      | 126 ||| Stepping ~*~*~tactically~*~*~ (hiding).
   127 | D:5      | Noticed an orc priest
   134 | D:5      | Reached XP level 2. HP: 7/19 MP: 2/2
   136 | D:5      | HP: 3/19 [centaur (2)]
   138 | D:5      | Slain by a centaur

Levels and vault maps discovered:
D:5:      layout_rooms, okawaru_gym_becter, minmay_temple_entry_proselytizer,
          gammafunk_ghost_icy

Skill      XL: |  1 |
---------------+----+-----
Axes           | 2 |  2.5
Fighting       | |  3.2
Dodging        | |  1.5
Stealth        | |  5.4

Action                   || total
-------------------------++-------
Melee: Hand axe          ||    13
Armor: Leather armour    ||    18
Dodge: Dodged            ||    26

Table legend:
 A = Non-vault XP
 B = Vault XP
 C = Vault XP percentage of total XP
 D = Non-vault monster count
 E = Vault monster count
 F = Vault count percentage of total count
                 A         B        C        D         E       F
            +---------+---------+-------+---------+---------+-------
      Total |      12 |       0 |   0.0 |       2 |       0 |   0.0
            +---------+---------+-------+---------+---------+-------
        D:5 |      12 |       0 |   0.0 |       2 |       0 |   0.0
            +---------+---------+-------+---------+---------+-------
